 Dungeon Crawl Stone Soup version 0.30.1-5-ged363bc7ee (webtiles) character file.

Game seed: 12538445296465756073

150 diecastcamel the Poker (level 5, -6/40 HPs)
             Began as a Merfolk Gladiator on Sept 19, 2023.
             Was an Initiate of Elyvilon.
             Splashed by a jelly's acid (11 damage)
             ... on level 3 of the Dungeon.
             The game lasted 00:14:04 (2620 turns).

diecastcamel the Poker (Merfolk Gladiator)          Turns: 2620, Time: 00:14:04

Health: -6/40      AC:  2    Str: 17    XL:     5   Next: 32%
Magic:  5/5        EV: 12    Int:  7    God:    Elyvilon [......]
Gold:   139        SH:  0    Dex: 15    Spells: 4/4 levels left

rFire   + . .        a - +0 trident
rCold   . . .        (no shield)
rNeg    . . .        k - +0 ring mail
rPois   .            c - +0 helmet
rElec   .            (no cloak)
rCorr   .            (no gloves)
SInv    .            (no boots)
Will    .....        (no amulet)
Stlth   +            f - ring of protection from fire
HPRegen 0.26/turn    (no ring)
MPRegen 0.09/turn

%: no passive effects
@: corroded
A: (nimble swimmer 2), mertail
a: Renounce Religion


You were on level 3 of the Dungeon.
You worshipped Elyvilon.
Elyvilon was noncommittal.
You visited 1 branch of the dungeon, and saw 3 of its levels.

You collected 139 gold pieces.

Inventory:

Hand Weapons
 a - a +0 trident (weapon)
Missiles
 d - 3 throwing nets
 e - a javelin
 i - 16 stones (quivered)
 u - 2 boomerangs
Armour
 c - a +0 helmet (worn)
 k - a +0 ring mail (worn)
Jewellery
 f - a ring of protection from fire (left hand)
 g - a ring of wizardry
 q - an amulet of faith
Wands
 b - a wand of digging (2)
 r - a wand of paralysis (4)
Scrolls
 m - 2 scrolls of blinking {unknown}
 n - a scroll of butterflies {unknown}
 s - a scroll of vulnerability {unknown}
Potions
 h - 3 potions of heal wounds {unknown}
 j - 3 potions of curing {unknown}
 l - 2 potions of might {unknown}
 o - a potion of attraction {unknown}
 p - a potion of mutation {unknown}
 t - a potion of invisibility {unknown}


   Skills:
 + Level 2.9 Fighting
 * Level 6.6 Polearms
 - Level 3.0 Throwing
 - Level 4.0 Dodging


You had 4 spell levels left.
You didn't know any spells.
Your spell library contained the following spells:

 Spells                   Type           Power      Damage    Failure   Level
 Beastly Appendage        Tmut           0%         N/A       65%         1
 Freeze                   Ice            0%         1d3       65%         1
 Shock                    Conj/Air       0%         1d3       65%         1
 Wereblood                Tmut           0%         N/A       78%         2
 Spider Form              Tmut/Pois      0%         N/A       95%         3
 Swiftness                Air            0%         N/A       95%         3
 Airstrike                Air            0%         2d(0-16)  100%        4
 Animate Armour           Summ/Erth      0%         N/A       100%        4
 Blade Hands              Tmut           0%         N/A       100%        5
 Iron Shot                Conj/Erth      0%         9d1       100%        6


Dungeon Overview and Level Annotations

Branches:
Dungeon (3/15)

Altars:
Elyvilon
Hepliaklqana
Qazlal
Wu Jian
Xom

Shops:
D:2 [


Innate Abilities, Weirdness & Mutations

((You are very nimble when in or above water. (Stealth+, EV+, Speed+++)))
Your lower body shifts to a powerful aquatic tail in water.


Message History

There is an open gate here.
You now have 139 gold pieces (gained 15).
There is an open gate here.
You see here a +0 whip.
Things that are here:
a +0 falchion; a +0 leather armour; a +0 morningstar
Found a shimmering altar of Xom.
Found a stone staircase leading down.
You feel as though Xom is toying with you.
Suddenly, the walls become transparent!
You open the door.
A jelly comes into view.
The jelly quivers.
You hit the jelly.
Your hands burn!
The jelly is lightly wounded.
The jelly hits you but does no damage.
You hit the jelly.
Your hands burn!
The jelly is moderately wounded.
The jelly hits you but does no damage.
You hit the jelly but do no damage.
Your hands burn!
The jelly is moderately wounded.
The jelly hits you but does no damage.
You hit the jelly. The acid corrodes you!
Your hands burn!
The jelly is heavily wounded.
The jelly hits you.
You are splashed with acid.
You hit the jelly but do no damage.
Your hands burn!
The jelly is heavily wounded.
The jelly barely misses you.
You hit the jelly.
Your hands burn!
The jelly is severely wounded.
The jelly hits you.
* * * LOW HITPOINT WARNING * * *
You are splashed with acid.
* * * LOW HITPOINT WARNING * * *
You barely miss the jelly.
The jelly is severely wounded.
The jelly hits you.
* * * LOW HITPOINT WARNING * * *
You are splashed with acid!
You die...

#...# #...+ +..#
#...# #... #...#
#... #...+ +._.
#...# #...
#...###...
#..@J.+..###########
#...######..........
#.### #.##########
#.#######.# #
#.........# ###
####.###### #.. #>#
#.# #.# #.# #.######
#..


You could see a jelly.

Vanquished Creatures
  An orc wizard (D:3)
  4 adders (D:2)
  2 worms (D:2)
  A dart slug (D:1)
  7 orcs (D:3)
  6 ball pythons
  4 endoplasms (D:1)
  4 giant cockroaches
  4 goblins
  3 hobgoblins
  7 jackals
  6 quokkas
  5 bats
  2 frilled lizards
  6 kobolds
  13 rats
75 creatures vanquished.

Notes
Turn   | Place    | Note
-------+----------+-------------------------------------------
     0 | D:1      | diecastcamel the Merfolk Gladiator began the quest for the
                  | Orb.
     0 | D:1      | Reached XP level 1. HP: 16/16 MP: 1/1
   106 | D:1      | Reached XP level 2. HP: 20/22 MP: 2/2
   281 | D:1      | Reached XP level 3. HP: 27/27 MP: 3/3
   441 | D:1      | Reached skill level 5 in Polearms
   853 | D:2      | Reached XP level 4. HP: 29/33 MP: 4/4
  1057 | D:2      | Reached skill level 6 in Polearms
  1190 | D:2      | Found a faded altar of an unknown god.
  1208 | D:2      | Got Plato's Essays on Hypothermia
  1699 | D:2      | Found Emuhaex's Armour Emporium.
  1729 | D:2      | Found an ornate altar of the Wu Jian Council.
  2013 | D:3      | Reached XP level 5. HP: 39/39 MP: 5/5
  2071 | D:3      | Found a white marble altar of Elyvilon.
  2076 | D:3      | Became a worshipper of Elyvilon the Healer
  2324 | D:3      | Found a hazy altar of Hepliaklqana.
  2475 | D:3      | Found a stormy altar of Qazlal.
  2595 | D:3      | Found a shimmering altar of Xom.
  2620 | D:3      | Splashed by a jelly's acid

Illustrated notes

Levels and vault maps discovered:
D:1:      dpeg_arrival_windows_large_door, layout_rooms
D:2:      layout_basic, serial_shops, nicolae_shop_trees, basic_altar,
          shapermc_ecumenical_altar_rom_forum, kennysheep_generic_room_15
D:3:      layout_loops_ring, worldfamousw_hep_ancestral_shrine,
          dk_xom_monty_hall, mainiacjoe_overflow_alcove_4,
          nicolae_overflow_crystal_walls

Skill      XL: |  1  2  3  4 |
---------------+-------------+-----
Polearms       | 5 6 |  6.6
Throwing       | 3 |  3.0
Fighting       | |  2.9
Dodging        | |  4.0

Action                     |  1- 3 |  4- 6 || total
---------------------------+-------+-------++-------
  Melee: Trident           |   137 |   117 ||   254
         Punch             |     1 |     4 ||     5
  Throw: Stone             |     2 |     1 ||     3
         Javelin           |       |     1 ||     1
 Armour: Leather armour    |    21 |       ||    21
         Ring mail         |    11 |    30 ||    41
  Dodge: Dodged            |    83 |    40 ||   123
